 Dungeon Crawl Stone Soup version 0.27-a0-148-g9515ab555c (webtiles) character file.

Game seed: 6148873278907840800

28 knot the Chopper (level 3, 22/29 HPs)
             Began as a Demonspawn Berserker on Jan 27, 2021.
             Was a Follower of Trog.
             Quit the game on level 1 of the Dungeon.
             The game lasted 00:00:54 (988 turns).

knot the Chopper (Demonspawn Berserker)              Turns: 988, Time: 00:00:54

Health: 22/29      AC:  5    Str: 17    XL:     3   Next: 0%
Magic:  3/3        EV: 11    Int:  9    God:    Trog [*.....]
Gold:   19         SH:  0    Dex: 12    Spells: 2/2 levels left

rFire    . . .     SeeInvis .   a - +0 hand axe
rCold    . . .     Faith    .   (no shield)
rNeg     . . .     Spirit   .   c - +0 ring mail (curse)
rPois    .         Reflect  .   (no helmet)
rElec    .         Harm     .   (no cloak)
rCorr    .         Rampage  .   (no gloves)
Will     .....                  (no boots)
Stlth    +.........             (no amulet)
HPRegen  0.09/turn              (no ring)
MPRegen  0.08/turn              (no ring)

@: no status effects
A: claws 1, demonic guardian 1
a: Renounce Religion, Berserk


You were on level 1 of the Dungeon.
You worshipped Trog.
Trog was aware of your devotion.
You visited 1 branch of the dungeon, and saw 1 of its levels.

You collected 19 gold pieces.

Inventory:

Hand Weapons
 a - a +0 hand axe (weapon)
Missiles
 b - 42 stones
Armour
 c - a cursed +0 ring mail (worn)
Scrolls
 d - a scroll of identify {unknown}
 e - a scroll of blinking {unknown}
 f - a scroll of remove curse {unknown}
 h - a scroll of immolation {unknown}
 j - a scroll of amnesia {unknown}
Potions
 g - a potion of heal wounds {unknown}
 i - 2 potions of haste {unknown}


   Skills:
 - Level 3.0 Fighting
 + Level 3.8 Axes
 - Level 1.7 Armour
 - Level 1.7 Dodging


You had 2 spell levels left.
You didn't know any spells.
Your spell library was empty.

Dungeon Overview and Level Annotations

Branches:
Dungeon (1/15)

Altars:


Innate Abilities, Weirdness & Mutations

You have sharp fingernails.
A weak demonic guardian rushes to your aid.


Message History

The goblin is severely wounded.
The goblin closely misses you.
You completely miss the goblin.
The goblin is severely wounded.
The goblin hits you but does no damage.
You closely miss the goblin.
The goblin is severely wounded.
The goblin closely misses you.
You completely miss the goblin.
The goblin is severely wounded.
The goblin hits you.
You hit the goblin.
You kill the goblin!
Trog accepts your kill.
You have reached level 3!
Your experience leads to an increase in your attributes!
Increase (S)trength, (I)ntelligence, or (D)exterity?
You feel clever.
Your demonic ancestry asserts itself...
You feel the presence of a demonic guardian.
Are you sure you want to abandon this character and quit the game? (Confirm with "yes".)

#.........#
##.######## #.# #.#
#.# #+####### #.#
#........ #.#
#......(. #.#
#........ #.# #@# #.#
#?# #.# #[#
#.#############.#
#.............#.#
##.###########.#.#####
#..........# #.#.....#
##.#######.# #.#####.#
#.# #.# #.# #.#


There were no monsters in sight!

Vanquished Creatures
  A dart slug (D:1)
  5 goblins (D:1)
  4 hobgoblins (D:1)
  3 jackals (D:1)
  4 kobolds (D:1)
  5 bats (D:1)
  A rat (D:1)
23 creatures vanquished.

Notes
Turn   | Place    | Note
-------+----------+-------------------------------------------
     0 | D:1      | knot the Demonspawn Berserker began the quest for the Orb.
     0 | D:1      | Reached XP level 1. HP: 18/18 MP: 1/1
   374 | D:1      | Gained mutation: You have sharp fingernails. [demonic
                  | ancestry]
   374 | D:1      | Reached XP level 2. HP: 24/24 MP: 2/2
   988 | D:1      | Gained mutation: A weak demonic guardian rushes to your
                  | aid. [demonic ancestry]
   988 | D:1      | Reached XP level 3. HP: 22/29 MP: 3/3
   988 | D:1      | Quit the game

Illustrated notes

Levels and vault maps discovered:
D:1:      dpeg_arrival_rooms_a, layout_basic, minmay_misc_feat_square,
          moated_statue, chequers_serial_rivers_marsh

Skill      XL: |  1 |
---------------+----+-----
Axes           | 3 |  3.8
Fighting       | |  3.0
Armour         | |  1.7
Dodging        | |  1.7

Action                   || total
-------------------------++-------
Melee: Hand axe          ||    73
Invok: Berserk           ||     2
Armor: Ring mail         ||    24
       Animal skin       ||     2
Dodge: Dodged            ||    53

Table legend: (Time is in decaauts)
 A = Elapsed time spent in this place.
 B = Non-inter-level travel time spent in this place.
 C = Inter-level travel time spent in this place.
 D = Time resting spent in this place.
 E = Time spent auto-exploring this place.
 F = Levels seen in this place.
 G = Mean time per level.
                   A        B        C        D        E       F      G
               +--------+--------+--------+--------+--------+-----+--------+
         Total |   1013 |   1013 |      0 |    519 |    329 |   1 | 1013.0 |
       Dungeon |   1013 |   1013 |      0 |    519 |    329 |   1 | 1013.0 |
               +--------+--------+--------+--------+--------+-----+--------+

Top non-repeatable levels by time:
     D:1: 1013 daAuts
